AoeStats
← schmeno

Arabia

506765966Analyzed
1v1 RM · 18d ago on Sep 15, 2026· 32m 57s· 2 players
Game mode
Random Map
Map size
Tiny (2 player)
Population
200
Speed
Normal
Resources
Standard
Victory
Conquest
Starting age
Dark Age
Ending age
Imperial Age
RankedLock teamsTeams togetherTeam positionsShared explorationLock speedFull tech treeHidden civsTurbo modeCheats
Victory
Defeat
🇦🇷 Inca · Argentina
1152
+18
🇺🇸 Saracens · United States
1196
-18
Anak
7:30 Loom
10:00 Feudal Age
11:04 Champi Runner
15:15 Double-Bit Axe
19:48 Castle Age
18:04 Scale Mail Armor
18:29 Horse Collar
19:20 Forging
20:47 Bow Saw
20:18 Champi Warrior
21:32 Heavy Plow
22:13 Arson
24:04 Chain Mail Armor
25:35 Iron Casting
25:41 Squires
31:36 Wheelbarrow
31:12 Stone Mining
schmeno
6:12 Loom
8:42 Feudal Age
9:12 Double-Bit Axe
13:36 Scale Barding Armor
22:01 Castle Age
20:34 Fletching
22:26 Gold Mining
22:14 Crossbowman
23:14 Thumb Ring
24:04 Bodkin Arrow
29:49 Chain Barding Armor
30:17 Bloodlines
30:41 Bow Saw
Connection lost

Rejoining the realm…

Still unreachable

The connection could not be restored.

Session expired

The server has moved on; the page needs a fresh start.